 Dungeon Crawl Stone Soup version 0.26-a0-540-g8a0c9464d7 (webtiles) character file.

Game seed: 7711202564336318229

(classic levelgen) 33936 EnegeticOcto the Severer (level 13, -7/117 HPs)
             Began as a Deep Dwarf Fighter on Aug 18, 2020.
             Was an Elder of Yredelemnul.
             Mangled by Arachne
             ... wielding an uncursed staff of poison
              (13 damage)
             ... on level 3 of the Spider Nest.
             The game lasted 00:22:36 (3311 turns).

EnegeticOcto the Severer (Deep Dwarf Fighter)       Turns: 3311, Time: 00:22:37

Health: -7/117     AC: 18    Str: 27    XL:     13   Next: 39%
Magic:  3/3        EV: 11    Int: 10    God:    Yredelemnul [****..]
Gold:   259        SH:  5    Dex: 12    Spells: 12/12 levels left

rFire    . . .     SeeInvis .   v - +4 battleaxe (freeze)
rCold    . . .     Faith    .   (shield currently unavailable)
rNeg     + . .     Spirit   .   u - +7 chain mail "Sagufit" {Rampage rN+ Str+3}
rPois    .         Reflect  +   A - +0 helmet
rElec    .         Harm     .   (no cloak)
rCorr    .                      (no gloves)
MR       +....                  (no boots)
Stlth    ..........             x - amulet of reflection
HPRegen  0.00/turn              J - ring of stealth
MPRegen  0.08/turn              w - +4 ring of slaying

@: lethally poisoned (-7 -> -7), non-regenerating
A: damage resistance, heal wounds, sense surroundings 2, no regeneration
a: Heal Wounds, Recall Undead Slaves, Injury Mirror, Animate Dead, Drain Life,
Renounce Religion


You were on level 3 of the Spider Nest.
You worshipped Yredelemnul.
Yredelemnul was greatly pleased with you.
You visited 4 branches of the dungeon, and saw 20 of its levels.

You collected 469 gold pieces.
You spent 210 gold pieces at shops.

Inventory:

Hand Weapons
 a - a +1 war axe
 b - a +5 trident of protection
 f - a +0 hand crossbow of freezing
 i - a +6 hand crossbow of flaming
 s - a +1 dagger of distortion
 v - a +4 battleaxe of freezing (weapon)
Missiles
 j - 3 throwing nets
 k - a curare-tipped dart (quivered)
Armour
 c - a +0 kite shield
 u - the +7 chain mail "Sagufit" (worn) {Rampage rN+ Str+3}
   (You found it on level 7 of the Dungeon)

   It affects your strength (+3).
   It protects you from negative energy.
   It bestows one free step when moving towards enemies.
 A - a +0 helmet (worn)
 D - a +2 kite shield
Jewellery
 n - an uncursed ring of teleportation
 t - an uncursed ring of wizardry
 w - a +4 ring of slaying (right hand)
 x - an amulet of reflection (around neck)
 J - a ring of stealth (left hand)
Wands
 I - a wand of iceblast (21)
 M - a wand of acid (4) {@v1}
Scrolls
 p - 3 scrolls of remove curse {@r2}
 q - a scroll of fear
 r - a scroll of blinking
 y - a scroll of enchant armour {unknown}
 K - 2 scrolls of enchant weapon
 L - a scroll of teleportation {@r3}
Potions
 d - 4 potions of might {@q3}
 e - a potion of curing {@q1}
 g - 2 potions of lignification {@q7}
 h - a potion of brilliance
 l - 2 potions of heal wounds {@q2}
 m - a potion of cancellation
 o - a potion of flight
 z - a potion of magic
 B - a potion of berserk rage
 C - 2 potions of mutation
 E - a potion of ambrosia
 F - a potion of degeneration


   Skills:
 + Level 7.6 Fighting
 + Level 18.2 Axes
 - Level 6.0 Armour
 + Level 5.4 Dodging
 - Level 3.2 Shields
 + Level 13.3 Invocations


You had 12 spell levels left.
You didn't know any spells.
Your spell library was empty.

Dungeon Overview and Level Annotations

Branches:
Dungeon (11/15)            Temple (0/1) D:4            Lair (4/6) D:10
  Swamp (0/4) Lair:4       Spider (3/4) Lair:4          Orc (2/2) D:11
    Elf: Orc:2

Altars:
Ashenzari
Fedhas
Gozag
Hepliaklqana
Nemelex Xobeh
Trog
Wu Jian
Yredelemnul

Shops:
D:10 (   Orc:2 *(:!

Annotations:
Spider:3 Arachne


Innate Abilities, Weirdness & Mutations

You are resistant to damage.
You can heal yourself by infusing magical energy.
You passively map the area around you.
You do not regenerate.


Message History

Arachne envenoms you!
You slash Arachne! You freeze Arachne.
Arachne is moderately wounded.
Arachne points her staff at you, shooting a stream of webbing.
The stream of webbing hits you but does no damage.
You are caught in a web!
You block Arachne's attack. Arachne hits you but does no damage.
Arachne envenoms you!
Your magical essence is drained by the effort!
You feel much better. Arachne hits you but does no damage.
Arachne envenoms you.
You slice Arachne!! You freeze Arachne.
Arachne is heavily wounded.
Arachne hits you but does no damage. Arachne envenoms you.
You barely miss Arachne.
Arachne is heavily wounded.
Arachne casts a spell at you. The bolt of poison hits you. You resist.
You slice Arachne!! You freeze Arachne!
Arachne is severely wounded.
Arachne casts a spell.
Arachne blinks!
You cannot move.
You feel much better.
You feel much better.
Your transformation is almost over.
Evoke which item? (* to show all) (? for menu, Esc to quit)
Evoke which item? (* to show all) (? for menu, Esc to quit)
Evoke which item? (* to show all) (? for menu, Esc to quit)
Evoke which item? (* to show all) (? for menu, Esc to quit)
Okay, then.
Evoke which item? (* to show all) (? for menu, Esc to quit)
Aiming: Iceblast
Press: ? - help, Shift-Dir - straight line, f/p - Arachne
Aim: Arachne, wielding a staff of poison (severely wounded)
The mass of ice explodes!
The iceblast engulfs Arachne!
Arachne is severely wounded.
You hear an angry hiss.
You hear a shout!
You hear a hideous shriek!
You hit Arachne. You freeze Arachne.
Arachne is severely wounded.
Arachne hits you but does no damage. Arachne envenoms you.
You are more poisoned.
You barely miss Arachne.
Arachne is severely wounded.
Arachne hits you but does no damage. Arachne envenoms you!
A redback comes into view.
You closely miss Arachne.
Arachne is severely wounded.
Arachne's staff shoots out a stream of webbing.
The stream of webbing hits you but does no damage.
You are caught in a web!
Arachne stares at you and mumbles some strange words.
The bolt of poison hits you. You resist.
The redback bites you but does no damage.
Arachne's staff shoots out a stream of webbing.
The stream of webbing hits you but does no damage.
You are caught in a web!
The redback bites you but does no damage.
Arachne says, "You'll find yourself a bit attached to my weave."
Arachne stares at you and mumbles some strange words.
The bolt of poison hits you! You resist. You block the redback's attack.
You slice Arachne!! You freeze Arachne.
Arachne is severely wounded.
You barely miss the redback. Arachne hits you but does no damage.
Arachne envenoms you.
You are more poisoned.
The redback bites you but does no damage.
Arachne hits you but does no damage. Arachne envenoms you!
You closely miss Arachne.
Arachne is severely wounded.
You slash the redback! You freeze the redback.
You feel less wooden.
Your +0 helmet unmelds from your body.
The +7 chain mail "Sagufit" {Rampage rN+ Str+3} unmelds from your body.
The redback bites you!
Arachne hits you with an uncursed staff of poison!
Arachne envenoms you!!
* * * LOW HITPOINT WARNING * * *
You are more poisoned.
You slash Arachne! You freeze Arachne.
Arachne is almost dead.
You closely miss the redback.
You hear an angry hiss.
You hear a shout!
The redback bites you!
* * * LOW HITPOINT WARNING * * *
You block Arachne's attack.
Your magical essence is drained by the effort!
You feel much better. You block the redback's attack.
Arachne hits you with an uncursed staff of poison!!
* * * LOW HITPOINT WARNING * * *
Arachne envenoms you!!
* * * LOW HITPOINT WARNING * * *
You are more poisoned.
The redback bites you but does no damage.
You completely miss Arachne.
Arachne is almost dead.
You closely miss the redback.
Arachne hits you with an uncursed staff of poison!
You die...
Your body rises from the dead as a mindless zombie.

###. ######
, #.#.
,....^. , ,
..., .#^..#
* *
#.(*#....# *
#. #..,....#
,, *
#...#.#)H#.#
#^.^..#^.^#
,####$#H##*
* ###s@# *
*, * #.###*
, * ,, #..**
* ** ,* ##.
, * ,,, * ##
, ** * , , ,
* * , * * *
*, , ,, * *


You could see Arachne and a redback.

Vanquished Creatures
  An emperor scorpion (Spider:3)
  A spark wasp (Spider:2)
  2 ogre magi (Orc:2)
  Harold (D:8)
  2 hydras
  8 two-headed ogres (Orc:2)
  2 deep trolls (Orc:2)
  A wolf spider (Spider:1)
  An ugly thing (D:11)
  2 cyclopes (Orc:2)
  A centaur zombie (D:11)
  8 cane toads
  A centaur skeleton (D:11)
  A rime drake (Lair:4)
  3 komodo dragons
  7 trolls
  3 hippogriffs
  A tarantella (Spider:1)
  11 redbacks (Spider:1)
  2 wyverns
  The ghost of Lanoc the Slasher, an amateur MiDe of Nemelex Xobeh (D:4)
  2 basilisks
  33 yaks
  Grum (D:8)
  5 water moccasins
  A porcupine (Lair:2)
  A sky beast (D:11)
  8 orc warriors
  A phantom (D:4)
  22 ogres
  A centaur (D:7)
  8 wolves
  3 crocodiles
  6 big kobolds
  A wyvern zombie (D:11)
  2 bullfrogs
  7 gnoll sergeants (D:11)
  A wyvern skeleton (D:7)
  2 scorpions
  6 killer bees (D:9)
  A water moccasin skeleton (D:8)
  3 wights (D:7)
  6 howler monkeys
  2 jellies
  2 hounds (D:4)
  10 orc priests
  10 orc wizards
  2 iguanas (D:4)
  2 worker ants
  A hound zombie (D:5)
  2 adders
  6 gnolls
  A shadow imp (D:8)
  2 white imps
  An ooze (D:4)
  An adder skeleton (D:7)
  2 dart slugs
  3 leopard geckos
  25 orcs
  A bat (D:4)
  3 giant cockroaches
  2 goblins
  2 hobgoblins (D:1)
  13 jackals
  2 quokkas
  A ball python (D:6)
  5 frilled lizards
  A jackal zombie (D:4)
  8 kobolds
  A leopard gecko skeleton (D:4)
  A quokka skeleton (D:5)
  A rat (D:2)
  2 fungi (Lair:4)
  2 plants
298 creatures vanquished.

Vanquished Creatures (collateral kills)
  Jorgrun (Orc:2)
  A troll (Orc:2)
  An ogre (Orc:2)
  A howler monkey (D:11)
  An orc (Orc:2)
5 creatures vanquished.

Vanquished Creatures (others)
  4 flying skulls
  A wight (Spider:3)
  A mummy (Orc:2)
  3 troll zombies (Orc:2)
  A cyclops zombie (Orc:2)
  8 ogre zombies (Orc:2)
  6 orc zombies (Orc:2)
  2 fungi (Lair:3)
  A plant (Orc:2)
27 creatures vanquished.

Grand Total: 330 creatures vanquished

Notes
Turn   | Place    | Note
-------+----------+-------------------------------------------
     0 | D:1      | EnegeticOcto the Deep Dwarf Fighter began the quest for the
                  | Orb.
     0 | D:1      | Reached XP level 1. HP: 20/20 MP: 1/1
    19 | D:1      | Reached skill level 3 in Axes
    20 | D:1      | Reached XP level 2. HP: 27/27 MP: 2/2
    79 | D:3      | Found a blossoming altar of Fedhas.
   134 | D:4      | Noticed a phantom
   147 | D:4      | Killed a phantom
   147 | D:4      | Reached skill level 5 in Axes
   147 | D:4      | Reached XP level 3. HP: 33/33 MP: 2/2
   147 | D:4      | Reached XP level 4. HP: 40/40 MP: 3/3
   184 | D:4      | Found a large runed translucent door.
   185 | D:4      | Found a large runed translucent door.
   193 | D:4      | Found a large runed translucent door.
   193 | D:4      | Found a large runed translucent door.
   202 | D:4      | Reached XP level 5. HP: 39/46 MP: 4/4
   210 | D:4      | Reached skill level 6 in Axes
   361 | D:4      | Reached skill level 7 in Axes
   361 | D:4      | Reached XP level 6. HP: 25/55 MP: 5/5
   397 | D:5      | Entered Level 5 of the Dungeon
   656 | D:5      | Reached skill level 8 in Axes
   664 | D:5      | Found a bloodstained altar of Trog.
   853 | D:4      | Reached XP level 7. HP: 55/61 MP: 5/5
  1040 | D:4      | Reached skill level 9 in Axes
  1078 | D:4      | Found a basalt altar of Yredelemnul.
  1078 | D:4      | Found a sparkling altar of Nemelex Xobeh.
  1078 | D:4      | Found a shattered altar of Ashenzari.
  1086 | D:4      | Became a worshipper of Yredelemnul the Dark
  1109 | D:4      | Found a runed translucent gate.
  1109 | D:4      | Found a runed translucent gate.
  1109 | D:4      | Found a runed translucent gate.
  1110 | D:4      | Noticed Lanoc's ghost (amateur MiDe)
  1131 | D:4      | Killed Lanoc's ghost
  1131 | D:4      | Reached skill level 10 in Axes
  1278 | D:6      | Reached skill level 1 in Invocations
  1278 | D:6      | Reached XP level 8. HP: 48/68 MP: 4/6
  1316 | D:7      | Got a fading chain mail
  1327 | D:7      | Identified the +7 chain mail "Sagufit" {Rampage rN+ Str+3}
                  | (You found it on level 7 of the Dungeon)
  1398 | D:7      | Reached skill level 11 in Axes
  1399 | D:7      | Reached * piety under Yredelemnul
  1418 | D:7      | Found an ornate altar of the Wu Jian Council.
  1478 | D:7      | Found an opulent altar of Gozag.
  1530 | D:8      | Noticed Harold
  1540 | D:8      | Killed Harold
  1540 | D:8      | Reached skill level 12 in Axes
  1540 | D:8      | Gained mutation: You passively map the area around you.
                  | [Deep Dwarf growth]
  1540 | D:8      | Reached XP level 9. HP: 59/74 MP: 7/9
  1577 | D:8      | Found a hazy altar of Hepliaklqana.
  1652 | D:9      | Reached skill level 13 in Axes
  1688 | D:10     | Entered Level 10 of the Dungeon
  1706 | D:8      | Noticed Grum
  1714 | D:8      | Reached skill level 14 in Axes
  1716 | D:8      | Killed Grum
  1765 | D:9      | Reached XP level 10. HP: 71/81 MP: 9/9
  1767 | D:9      | Reached ** piety under Yredelemnul
  1904 | D:11     | Reached skill level 15 in Axes
  2012 | D:11     | Found a staircase to the Orcish Mines.
  2034 | D:11     | Reached skill level 16 in Axes
  2042 | D:11     | Reached *** piety under Yredelemnul
  2056 | Orc:1    | Entered Level 1 of the Orcish Mines
  2056 | Orc:1    | Found Bigegai's Gadget Shop.
  2114 | Orc:2    | Entered Level 2 of the Orcish Mines
  2127 | Orc:2    | Received a gift from Yredelemnul (a mummy)
  2132 | Orc:2    | Reached XP level 11. HP: 69/90 MP: 3/6
  2134 | Orc:2    | Noticed an ogre mage
  2135 | Orc:2    | Noticed a deep troll
  2138 | Orc:2    | Noticed a two-headed ogre
  2145 | Orc:2    | Killed a deep troll
  2145 | Orc:2    | Killed an ogre mage
  2149 | Orc:2    | Noticed a two-headed ogre
  2150 | Orc:2    | Noticed an ogre mage
  2151 | Orc:2    | Noticed a deep troll
  2152 | Orc:2    | Noticed a two-headed ogre
  2158 | Orc:2    | Killed a two-headed ogre
  2158 | Orc:2    | Reached skill level 17 in Axes
  2160 | Orc:2    | Killed a two-headed ogre
  2161 | Orc:2    | Killed a deep troll
  2162 | Orc:2    | Killed a two-headed ogre
  2163 | Orc:2    | Noticed a two-headed ogre
  2164 | Orc:2    | Killed an ogre mage
  2166 | Orc:2    | Noticed a two-headed ogre
  2167 | Orc:2    | Noticed a two-headed ogre
  2170 | Orc:2    | Reached skill level 5 in Fighting
  2172 | Orc:2    | Noticed a two-headed ogre
  2174 | Orc:2    | Noticed a two-headed ogre
  2175 | Orc:2    | Killed a two-headed ogre
  2177 | Orc:2    | Killed a two-headed ogre
  2179 | Orc:2    | Reached **** piety under Yredelemnul
  2183 | Orc:2    | Killed a two-headed ogre
  2183 | Orc:2    | Reached XP level 12. HP: 79/103 MP: 1/6
  2186 | Orc:2    | Killed a two-headed ogre
  2188 | Orc:2    | Reached skill level 18 in Axes
  2192 | Orc:2    | Killed a two-headed ogre
  2192 | Orc:2    | Reached skill level 10 in Invocations
  2217 | Orc:2    | Found Dyrph's Book Shop.
  2222 | Orc:2    | Found Heosch's Distillery.
  2222 | Orc:2    | Found Xismun's Antique Weapon Shoppe.
  2228 | Orc:2    | Found Lofotziq's Assorted Antiques.
  2243 | Orc:2    | Noticed Jorgrun
  2262 | Orc:2    | Killed Jorgrun
  2270 | Orc:2    | Bought a potion of flight for 30 gold pieces
  2270 | Orc:2    | Bought a potion of ambrosia for 80 gold pieces
  2270 | Orc:2    | Bought a potion of curing for 30 gold pieces
  2270 | Orc:2    | Bought a potion of curing for 30 gold pieces
  2270 | Orc:2    | Bought a potion of might for 40 gold pieces
  2325 | D:11     | Received a gift from Yredelemnul (4 flying skulls)
  2343 | D:10     | Found Nuemuray's Weapon Shoppe.
  2370 | D:10     | Found a staircase to the Lair.
  2380 | Lair:1   | Entered Level 1 of the Lair of Beasts
  2427 | Lair:2   | Noticed an eight-headed hydra
  2469 | Lair:2   | Killed an eight-headed hydra
  2469 | Lair:2   | Reached skill level 1 in Dodging
  2765 | Lair:3   | Reached skill level 5 in Armour
  3033 | Lair:3   | Noticed a six-headed hydra
  3039 | Lair:3   | Reached XP level 13. HP: 88/115 MP: 9/9
  3182 | Lair:4   | Found a hole to the Spider Nest.
  3205 | Spider:1 | Entered Level 1 of the Spider Nest
  3224 | Spider:1 | Received a gift from Yredelemnul (a wight)
  3227 | Spider:1 | Reached skill level 5 in Dodging
  3234 | Spider:2 | Noticed a spark wasp
  3239 | Spider:2 | Killed a spark wasp
  3246 | Spider:3 | Noticed Arachne
  3246 | Spider:3 | Noticed an emperor scorpion
  3262 | Spider:3 | HP: 3/115 [Arachne/uncursed staff of poison (18)]
  3287 | Spider:3 | Killed an emperor scorpion
  3311 | Spider:3 | Mangled by Arachne

Illustrated notes

Levels and vault maps discovered:
D:1:      giann_bridges, layout_loops_ring, st_stairs_9
D:2:      layout_loops_corners, tso_metal_star
D:3:      layout_loops_ring, nicolae_overflow_hidden_temple, fedhas_altar_2,
          uniq_robin
D:4:      layout_basic, chequers_temple_overflow_statue_of_worship,
          overflow_temple_1_default, minmay_temple_entry_butterflies,
          gammafunk_ghost_nasty_kobolds, minmay_hollow_rounded_squares
D:5:      layout_gridville, bloody_trog, grunt_tough_drop
D:6:      layout_cave_pods, uniq_prince_ribbit1
D:7:      layout_basic, basic_altar, lemuel_statue_altar
D:8:      layout_cave_pods, lemuel_doored_altar, basic_altar, uniq_joseph,
          uniq_grum, uniq_harold
D:9:      layout_basic
D:10:     layout_roguey [special_room_orc], dpeg_oklobed_lair, serial_shops,
          nicolae_shop_trees, nicolae_shop_waterfront, shop, basic_altar
D:11:     layout_basic, kennysheep_orc_monster_closet_entryway, serial_shops,
          bzr_entry_water, kennysheep_nub, chequers_serial_rivers_room_a
Lair:1:   layout_loops_ring, lightli_volcano_entry_magma_tube,
          beast_lair_carwin_8
Lair:2:   layout_roguey, chequers_serial_rivers_micro_a
Lair:3:   layout_chaotic_city
Lair:4:   minmay_lair_oklob_tunnel, layout_regular_city,
          nicolae_swamp_entry_splash_gauntlet, spider_nest_entry_web_field,
          cheibrodos_lair_reptile_den
Spider:1: layout_spider_delve, guppyfry_spider_mini_1
Spider:2: layout_spider_delve, nicolae_spider_cling_halls
Spider:3: layout_spider_delve, uniq_arachne, uniq_donald
Orc:1:    layout_caves, serial_shops, shop
Orc:2:    st_orc_open, layout_caves, serial_shops,
          nicolae_shop_overgrown_old_shop, uniq_jorgrun, uniq_sonja

Skill      XL: |  1  2  3  4  5  6  7  8  9 10 11 12 13 |
---------------+----------------------------------------+-----
Axes           | 3 5 7 8 10 12 14 16 17 18 | 18.2
Invocations    | 1 6 9 12 13 | 13.3
Fighting       | 3 5 7 |  7.6
Dodging        | 3 5 |  5.4
Armour         | 5 6 |  6.0
Shields        | |  3.2

Action                   |  1- 3 |  4- 6 |  7- 9 | 10-12 | 13-15 || total
-------------------------+-------+-------+-------+-------+-------++-------
Melee: War axe           |    31 |   120 |    77 |       |       ||   228
       Battleaxe         |       |       |    82 |   233 |    79 ||   394
       Trident           |       |       |       |     8 |       ||     8
Throw: Dart              |       |       |       |     1 |       ||     1
Invok: Animate Dead      |       |       |       |     5 |       ||     5
       Animate Remains   |       |       |       |     1 |       ||     1
       Drain Life        |       |       |       |     7 |     3 ||    10
       Recall Undead Sla |       |       |       |     1 |       ||     1
 Abil: Heal Wounds       |     1 |     3 |     9 |    25 |    17 ||    55
Evoke: Wand              |       |       |       |       |     4 ||     4
  Use: Scroll            |     3 |       |     8 |     9 |     3 ||    23
       Potion            |       |       |       |     2 |     4 ||     6
 Stab: Invisible         |       |       |       |     4 |       ||     4
       Held in net/web   |       |       |       |       |     3 ||     3
Armor: Scale mail        |    36 |    58 |    24 |       |       ||   118
       Chain mail        |       |       |    83 |   193 |    52 ||   328
       Skin              |       |       |       |       |    35 ||    35
Dodge: Dodged            |    12 |    46 |    67 |   119 |    50 ||   294
Block: Kite shield       |    24 |    69 |    41 |       |       ||   134
       Other             |       |       |    32 |    88 |    22 ||   142

Table legend: (Time is in decaauts)
 A = Elapsed time spent in this place.
 B = Non-inter-level travel time spent in this place.
 C = Inter-level travel time spent in this place.
 D = Time resting spent in this place.
 E = Time spent auto-exploring this place.
 F = Levels seen in this place.
 G = Mean time per level.
                   A        B        C        D        E       F      G
               +--------+--------+--------+--------+--------+-----+--------+
         Total |   3318 |   3301 |     17 |      0 |      0 |  20 |  165.9 |
       Dungeon |   2196 |   2196 |      0 |      0 |      0 |  11 |  199.6 |
          Lair |    801 |    784 |     17 |      0 |      0 |   4 |  200.2 |
   Spider Nest |     96 |     96 |      0 |      0 |      0 |   3 |   32.0 |
  Orcish Mines |    223 |    223 |      0 |      0 |      0 |   2 |  111.5 |
               +--------+--------+--------+--------+--------+-----+--------+

Top non-repeatable levels by time:
     D:4: 644 daAuts
     D:5: 485 daAuts
  Lair:3: 364 daAuts
    D:11: 295 daAuts
  Lair:2: 264 daAuts
     D:7: 217 daAuts
   Orc:2: 163 daAuts
     D:8: 150 daAuts
     D:9: 126 daAuts
  Lair:4: 126 daAuts
     D:6: 85 daAuts
    D:10: 61 daAuts
   Orc:1: 60 daAuts
Spider:3: 59 daAuts
     D:2: 46 daAuts
